 Dungeon Crawl Stone Soup version 0.29-a0-885-gb26ba3297d (webtiles) character file.

Game seed: 14113375056463293638

119331 Dirian the Warrior (level 16, -9/159 HPs)
             Began as a Minotaur Fighter on July 20, 2022.
             Was the Champion of Okawaru.
             Mangled by a naga
             ... wielding a +3 halberd
              (23 damage)
             ... on level 3 of the Snake Pit.
             The game lasted 00:49:52 (29721 turns).

Dirian the Warrior (Minotaur Fighter)              Turns: 29721, Time: 00:49:52

Health: -9/159     AC: 48    Str: 21    XL:     16   Next: 27%
Magic:  21/23      EV:  7    Int:  8    God:    Okawaru [******]
Gold:   3044       SH: 23    Dex: 18    Spells: 15/15 levels left

rFire   + . .      SeeInvis .   a - +7 scimitar (flame)
rCold   . . .      Faith    .   A - +2 kite shield {rPois}
rNeg    . . .      Spirit   .   E - +15 Maxwell's patent armour {-Cast -Tele rElec Will+ rCorr}
rPois   +          Reflect  +   j - +2 hat {Int+3}
rElec   +          Harm     .   T - +0 cloak
rCorr   +          Rampage  .   g - +0 pair of gloves
Will    ++++.      NoTele   +   N - +2 pair of boots
Stlth   .......... NoCast   +   p - amulet of reflection
HPRegen 0.36/turn               l - +4 ring of protection
MPRegen 0.18/turn               L - ring of Ceisar {rF+ Will+ Slay+2}

@: lethally poisoned (-9 -> -31), heroic, constricted
A: horns 2, retaliatory headbutt, strong-willed 1, mutation resistance 1
a: Renounce Religion, Heroism, Finesse, Duel


You were on level 3 of the Snake Pit.
You worshipped Okawaru.
Okawaru was exalted by your worship.
You visited 5 branches of the dungeon, and saw 24 of its levels.
You also visited: Ice Cave.

You collected 3660 gold pieces.
You spent 616 gold pieces at shops.

Inventory:

Hand Weapons
 a - a +7 scimitar of flaming (weapon)
 b - a +7 scimitar
 S - a +2 scimitar of freezing
Missiles
 u - 2 throwing nets (quivered)
Armour
 g - a +0 pair of gloves (worn)
 j - a +2 hat of intelligence (worn)
 A - a +2 kite shield of poison resistance (worn)
 E - the +15 Maxwell's patent armour (worn) {-Cast -Tele rElec Will+ rCorr}
   (You found it on level 5 of the Lair of Beasts)

   rElec:     It insulates you from electricity.
   -Cast:     It prevents spellcasting.
   -Tele:     It prevents most forms of teleportation.
   rCorr:     It protects you from acid and corrosion.
   Will:      It increases your willpower.
 K - a +0 tower shield
 N - a +2 pair of boots (worn)
 O - a +0 tower shield of reflection
 T - a +0 cloak (worn)
Jewellery
 l - a +4 ring of protection (left hand)
 p - an amulet of reflection (around neck)
 C - a ring of protection from cold
 J - a +4 ring of slaying
 L - the ring of Ceisar (right hand) {rF+ Will+ Slay+2}
   (You bought it in a shop on level 2 of the Snake Pit)

   [ring of willpower]

   Slay:      It affects your accuracy & damage with ranged weapons and melee
   (+2).
   rF:        It protects you from fire.
   Will:      It increases your willpower.
Wands
 v - a wand of digging (7)
 G - a wand of polymorph (11)
 H - a wand of flame (69)
 Q - a wand of quicksilver (7)
 U - a wand of roots (11)
Scrolls
 e - 2 scrolls of magic mapping
 f - a scroll of immolation
 r - 3 scrolls of identify
 t - 7 scrolls of teleportation
 x - 2 scrolls of enchant weapon
 y - 5 scrolls of fog
 z - 4 scrolls of blinking
 B - 7 scrolls of fear
 I - 7 scrolls of poison
Potions
 c - 3 potions of brilliance
 d - 2 potions of berserk rage
 h - 3 potions of haste
 i - 6 potions of flight
 k - a potion of attraction
 m - 3 potions of mutation
 n - 2 potions of resistance
 o - 4 potions of ambrosia
 q - 11 potions of curing
 s - 4 potions of lignification
 w - 8 potions of heal wounds
 D - 2 potions of invisibility
 F - 5 potions of magic
 M - 2 potions of cancellation


   Skills:
 + Level 18.6(23.6) Fighting
 + Level 17.4(22.4) Long Blades
 - Level 0.1(5.1) Throwing
 + Level 15.4(20.4) Armour
 - Level 1.0(6.0) Dodging
 + Level 16.1(21.1) Shields
 * Level 10.7 Invocations


You had 15 spell levels left.
You didn't know any spells.
Your spell library contained the following spells:

 Spells                   Type           Power      Damage    Failure   Level
 Apportation              Tloc           0%         N/A       98%         1
 Magic Dart               Conj           0%         1d3       98%         1
 Sandblast                Erth           0%         2d4       98%         1
 Ensorcelled Hibernation  Hex/Ice        0%         N/A       99%         2
 Passwall                 Tmut/Erth      0%         N/A       99%         2
 Poisonous Vapours        Pois/Air       0%         N/A       99%         2
 Static Discharge         Conj/Air       0%         3-3/arc   99%         2
 Confusing Touch          Hex            0%         N/A       100%        3
 Ignite Poison            Fire/Tmut/Pois 0%         N/A       100%        3
 Inner Flame              Hex/Fire       0%         N/A       100%        3
 Mephitic Cloud           Conj/Pois/Air  0%         N/A       100%        3
 Portal Projectile        Hex/Tloc       0%         N/A       100%        3
 Stone Arrow              Conj/Erth      0%         3d7       100%        3
 Swiftness                Air            0%         N/A       100%        3
 Cause Fear               Hex            0%         N/A       100%        4
 Corpse Rot               Necr/Pois/Air  0%         N/A       100%        4
 Dispel Undead            Necr           0%         3d6       100%        4
 Leda's Liquefaction      Hex/Erth       0%         N/A       100%        4
 Olgreb's Toxic Radiance  Pois           0%         N/A       100%        4
 Sticky Flame             Conj/Fire      0%         2d3       100%        4
 Alistair's Intoxication  Tmut/Pois      0%         N/A       100%        5
 Borgnjor's Vile Clutch   Necr/Erth      0%         N/A       100%        5
 Freezing Cloud           Conj/Ice/Air   0%         6-21      100%        5
 Yara's Violent Unravell  Hex/Tmut       0%         3d3       100%        5
 Dragon Form              Tmut           0%         N/A       100%        7
 Enfeeble                 Hex            0%         N/A       100%        7
 Ozocubu's Refrigeration  Ice            0%         4d5       100%        7
 Discord                  Hex            0%         N/A       100%        8
 Ignition                 Fire           0%         3d3       100%        8
 Lehudib's Crystal Spear  Conj/Erth      0%         10d2      100%        8
 Polar Vortex             Ice            0%         N/A       100%        9
 Summon Small Mammal      Summ           Unusable   N/A       N/A         1
 Call Imp                 Summ           Unusable   N/A       N/A         2
 Call Canine Familiar     Summ           Unusable   N/A       N/A         3
 Summon Guardian Golem    Hex/Summ       Unusable   N/A       N/A         3
 Animate Armour           Summ/Erth      Unusable   N/A       N/A         4
 Animate Dead             Necr           Unusable   N/A       N/A         4
 Death Channel            Necr           Unusable   N/A       N/A         6
 Simulacrum               Ice/Necr       Unusable   N/A       N/A         6
 Dragon's Call            Summ           Unusable   N/A       N/A         9

Dungeon Overview and Level Annotations

Branches:
Dungeon (13/15) Zot: 25657  Temple (1/1) D:4 Zot: 5755    Lair (5/5) D:9 Zot: 24017
  Swamp (0/4) Lair:2        Snake (3/4) Lair:2 Zot: 14885   Slime (0/5) Lair:4
    Orc (2/2) D:12 Zot: 9009     Elf (0/3) Orc:2        Vaults (0/5) D:13
  IceCv (visited)

Altars:
Ashenzari
Cheibriados
Dithmenos
Elyvilon
Fedhas
Gozag
Hepliaklqana
Kikubaaqudgha
Makhleb
Nemelex Xobeh
Okawaru
Qazlal
Ru
Sif Muna
Trog
Uskayaw
Vehumet
Wu Jian
Xom
Yredelemnul
Zin
The Shining One
Jiyva

Shops:
D:9 :   Orc:2 ([=*   Snake:2 :==

Annotations:
D:8 exclusion: door
Snake:3 2 runed translucent doors


Innate Abilities, Weirdness & Mutations

You have a pair of horns on your head.
You reflexively headbutt those who attack you in melee.
You are strong-willed. (Will+)
You are somewhat resistant to further mutation.


Message History

You resist. The nagaraja spits poison at you.
The splash of poison hits you but does no damage.
You resist. You block the mana viper's attack.
You block the black mamba's attack. You block the naga warrior's attack.
The guardian serpent coils itself and waves its upper body at you.
The bolt of poison hits you but does no damage.
You are more poisoned.
You resist.
The salamander hits you but does no damage.
You slice the black mamba!! You burn the black mamba!
You kill the black mamba!
Okawaru accepts your kill.
You feel very sick. You block the mana viper's attack.
The nagaraja hits you with a +0 halberd!!
The nagaraja completely misses you.
You block the guardian serpent's attack.
You slice the mana viper!! You burn the mana viper.
The mana viper is severely wounded.
You feel very sick.
The naga warrior roars a battlecry!
The naga goes into a battle-frenzy!
You block the salamander's attack. You block the naga's attack. x2
The mana viper bites you but does no damage.
You block the guardian serpent's attack.
The nagaraja hits you with a +0 halberd!!
* * * LOW HITPOINT WARNING * * *
You block the nagaraja's attack. The naga hits you with a +0 long sword.
* * * LOW HITPOINT WARNING * * *
The naga grabs you. The naga constricts you.
You closely miss the mana viper. Your headbutt misses the mana viper.
The mana viper is severely wounded.
* * * LOW HITPOINT WARNING * * *
You feel very sick.
The naga warrior hits you but does no damage.
You block the mana viper's attack.
You block the guardian serpent's attack.
The naga hits you with a +3 halberd!!
You die...

..# ≈# ..# .[.$. ..#....
).# ####++####.......
)## #.........#........
.#####.........#........
.#...#...#.....#..#.#...
................N.......
##.....##......SN†...#
####...##......N@S...#
#...#####......NN#...#
#...######..†..###......
.............=..........
.......................!
......#.....##...###....
........########.... .
###.......>.... ...#
##......#...# .....


You could see a nagaraja (strong), a naga warrior (strong), a salamander
(strong), a mana viper (poisoned), a guardian serpent and 2 nagas.

Vanquished Creatures
  Gastronok (Lair:1)
  3 orc warlords
  A reaper (IceCv)
  The ghost of Nopnof the Martial Artist, a journeyman OpTm of Gozag (Lair:5)
  Snorg (D:11)
  Josephine (D:11)
  The ghost of sirdond the Cleaver, a journeyman DsBe of Trog (D:11)
  3 hydras
  Erolcha (D:11)
  7 anacondas
  4 catoblepae
  The ghost of Megustar the Arsonist, a journeyman DEFE of Vehumet (Orc:2)
  3 two-headed ogres
  3 naga warriors
  2 centaur warriors
  The ghost of soberaf the Tainter, a journeyman OpVM of Vehumet (Lair:2)
  12 death yaks
  2 shock serpents
  A deep elf knight (D:13)
  10 naga sharpshooters
  6 orc high priests
  5 skeletal warriors
  2 salamander mystics (Snake:2)
  2 naga ritualists
  A lindwurm (Lair:4)
  6 orc knights
  An oklob plant (Orc:2)
  A deep elf zephyrmancer (D:13)
  5 manticores
  5 orc sorcerers (Orc:2)
  4 deep elf pyromancers
  A cyclops (D:13)
  12 salamanders
  An ugly thing (D:11)
  6 mana vipers (Snake:2)
  Maurice (D:12)
  2 ice statues (IceCv)
  5 naga magi
  15 black mambas
  15 elephants
  A guardian serpent (Snake:2)
  Joseph (D:7)
  7 cane toads
  3 centaur skeletons (D:13)
  2 efreet (D:13)
  An unseen horror (D:12)
  3 rime drakes
  6 komodo dragons
  Psyche (D:8)
  3 trolls
  A freezing wraith (D:11)
  8 ice devils
  An entropy weaver simulacrum (IceCv)
  2 polar bears
  A wolf spider simulacrum (D:13)
  The ghost of t4s4d4r the Chopper, an amateur DgFi (D:5)
  2 hornets
  3 blink frogs (Lair:1)
  A slime creature (D:7)
  A spriggan (Lair:1)
  3 shadows
  3 wyverns
  82 yaks
  9 wraiths
  2 steam dragons
  2 harpy simulacra (IceCv)
  Grum (D:7)
  2 wargs
  18 nagas
  A two-headed ogre zombie (D:12)
  2 acid dragons
  17 water moccasins
  A swamp drake (Orc:1)
  40 orc warriors
  3 black bears
  7 ogres
  2 ice beasts
  8 centaurs
  36 wolves
  3 phantoms
  8 kobold brigands
  10 bullfrogs
  2 cane toad simulacra (IceCv)
  A two-headed ogre simulacrum (IceCv)
  8 gnoll sergeants
  4 scorpions
  8 wights
  27 killer bees
  3 troll zombies (D:12)
  5 howler monkeys
  12 hounds
  A crimson imp (Orc:1)
  An iron imp (Orc:1)
  4 gnoll boudas
  7 jellies
  13 orc priests
  5 iguanas
  33 orc wizards
  3 troll simulacra (IceCv)
  2 polar bear simulacra (IceCv)
  A spriggan simulacrum (IceCv)
  A boggart skeleton (D:13)
  2 wolf simulacra (IceCv)
  4 ogre zombies (D:12)
  44 gnolls
  7 adders
  A naga simulacrum (IceCv)
  A shadow imp (Orc:1)
  6 white imps
  3 ufetubi
  5 worms
  A dart slug (D:2)
  99 orcs
  10 ball pythons
  5 bats
  15 endoplasms
  4 giant cockroaches
  8 goblins
  7 hobgoblins
  9 jackals
  2 quokkas
  13 frilled lizards
  3 goblin skeletons (D:12)
  2 goblin zombies (D:12)
  A hobgoblin skeleton (D:12)
  2 hobgoblin zombies (D:12)
  23 kobolds
  4 orc skeletons (D:12)
  13 orc zombies (D:12)
  7 rats
  A butterfly (Lair:4)
907 creatures vanquished.

Vanquished Creatures (others)
  A naga mage (Snake:3)
  A kobold demonologist (D:13)
  2 orc priests (Orc:2)
  An orc wizard (D:5)
  31 fungi
  25 plants
  10 toadstools (D:7)
  2 withered plants (Orc:2)
73 creatures vanquished.

Grand Total: 980 creatures vanquished

Notes
Turn   | Place    | Note
-------+----------+-------------------------------------------
     0 | D:1      | Dirian the Minotaur Fighter began the quest for the Orb.
     0 | D:1      | Reached XP level 1. HP: 19/19 MP: 0/0
    91 | D:1      | Reached XP level 2. HP: 16/27 MP: 1/1
   475 | D:1      | Reached skill level 4 in Fighting
   611 | D:1      | Reached XP level 3. HP: 33/33 MP: 2/2
  1253 | D:2      | Noticed a scorpion
  1268 | D:2      | Killed a scorpion
  1269 | D:2      | Reached XP level 4. HP: 14/40 MP: 3/3
  2321 | D:2      | Found a faded altar of an unknown god.
  2477 | D:3      | Noticed a centaur
  2487 | D:3      | Gained mutation: Your mind is acute. (Int +4, Str/Dex -1)
                  | [potion of mutation]
  2487 | D:3      | Gained mutation: You passively dampen the noise of your
                  | surroundings. [potion of mutation]
  2487 | D:3      | Gained mutation: You are strong-willed. (Will+) [potion of
                  | mutation]
  2494 | D:3      | Lost mutation: Your mind is acute. (Int +4, Str/Dex -1)
                  | [potion of mutation]
  2494 | D:3      | Lost mutation: You passively dampen the noise of your
                  | surroundings. [potion of mutation]
  2494 | D:3      | Gained mutation: You are somewhat resistant to further
                  | mutation. [potion of mutation]
  2496 | D:3      | Killed a centaur
  2497 | D:3      | Reached skill level 1 in Dodging
  2497 | D:3      | Reached XP level 5. HP: 20/47 MP: 4/4
  2838 | D:3      | Reached skill level 5 in Long Blades
  2875 | D:3      | Reached skill level 5 in Armour
  3028 | D:3      | Noticed an ogre
  3035 | D:3      | Killed an ogre
  3036 | D:3      | Reached XP level 6. HP: 34/55 MP: 5/5
  3231 | D:3      | Reached skill level 5 in Fighting
  4062 | D:4      | Reached XP level 7. HP: 59/61 MP: 6/6
  4077 | D:4      | Reached skill level 5 in Shields
  4348 | D:4      | Found a staircase to the Ecumenical Temple.
  4398 | Temple   | Entered the Ecumenical Temple
  4551 | Temple   | Became a worshipper of Warmaster Okawaru
  4899 | D:5      | Entered Level 5 of the Dungeon
  4930 | D:5      | Found a runed translucent door.
  4933 | D:5      | Noticed t4s4d4r's ghost (amateur DgFi)
  4975 | D:5      | Found a runed translucent door.
  5081 | D:5      | Reached skill level 6 in Fighting
  5081 | D:5      | Reached XP level 8. HP: 57/70 MP: 7/7
  5465 | D:5      | Reached * piety under Okawaru
  5861 | D:5      | Reached skill level 10 in Long Blades
  5866 | D:5      | Killed t4s4d4r's ghost
  6030 | D:6      | Reached skill level 7 in Fighting
  6065 | D:6      | Reached XP level 9. HP: 79/79 MP: 8/8
  6397 | D:6      | Reached ** piety under Okawaru
  6398 | D:6      | Reached skill level 8 in Fighting
  6769 | D:7      | Noticed Grum
  6773 | D:7      | Killed Grum
  7043 | D:7      | Reached skill level 9 in Fighting
  7384 | D:7      | Reached *** piety under Okawaru
  7432 | D:7      | Noticed a two-headed ogre
  7452 | D:7      | Killed a two-headed ogre
  7453 | D:7      | Reached skill level 10 in Fighting
  7453 | D:7      | Reached XP level 10. HP: 14/93 MP: 6/9
  8250 | D:7      | Noticed Joseph
  8266 | D:7      | Killed Joseph
  8699 | D:8      | Reached skill level 1 in Invocations
  8842 | D:8      | Identified the +0 leather armour "Ydimioc" {rPois}
  9022 | D:8      | Reached skill level 11 in Fighting
  9025 | D:8      | Reached **** piety under Okawaru
  9035 | D:8      | Reached skill level 15 in Long Blades
  9331 | D:8      | Noticed a death yak
  9376 | D:8      | Noticed Psyche
  9383 | D:8      | Killed Psyche
  9383 | D:8      | Reached ***** piety under Okawaru
  9394 | D:8      | Reached XP level 11. HP: 80/104 MP: 9/12
  9397 | D:8      | Reached skill level 12 in Fighting
  9976 | D:9      | Found a staircase to the Lair.
 10575 | D:9      | Received a gift from Okawaru
 10757 | D:9      | Found a stormy altar of Qazlal.
 10799 | D:9      | Reached skill level 13 in Fighting
 10852 | D:9      | Identified the +5 short sword of Painful Death {venom,
                  | *Corrode MP+9 Int-5 Dex+8}
 10910 | D:9      | Found Atysad's Book Boutique.
 11412 | D:10     | Entered Level 10 of the Dungeon
 11583 | D:10     | Noticed a skeletal warrior
 11587 | D:10     | Noticed a skeletal warrior
 11594 | D:10     | Noticed a skeletal warrior
 11597 | D:10     | Noticed a skeletal warrior
 11644 | D:9      | HP: 2/107 [skeletal warrior/+0 short sword (14)]
 11646 | D:9      | Killed a skeletal warrior
 12038 | D:10     | Noticed a two-headed ogre
 12048 | D:10     | Killed a two-headed ogre
 12294 | D:10     | Killed a skeletal warrior
 12459 | D:10     | Killed a skeletal warrior
 12460 | D:10     | Reached skill level 5 in Invocations
 12639 | D:10     | Killed a skeletal warrior
 12856 | D:10     | Noticed a two-headed ogre
 12866 | D:10     | Killed a two-headed ogre
 12867 | D:10     | Reached skill level 14 in Fighting
 13188 | D:10     | Reached ****** piety under Okawaru
 13189 | D:10     | Reached XP level 12. HP: 117/117 MP: 15/15
 13373 | D:11     | Identified the +5 arbalest of the Vanishing Spirits {flame,
                  | rF+ Str+3}
 13443 | D:11     | Noticed Snorg
 13465 | D:11     | Killed Snorg
 13522 | D:11     | Noticed Josephine
 13696 | D:11     | Killed Josephine
 13696 | D:11     | Identified the +5 plate armour "Poabijaj" {Dex+2} (Okawaru
                  | gifted it to you on level 11 of the Dungeon)
 13696 | D:11     | Received a gift from Okawaru
 13867 | D:11     | Identified the +3 ring mail of the Twelve Mice {rElec Str-3
                  | Int+8 Dex+4}
 14050 | D:11     | Noticed Erolcha
 14057 | D:11     | Killed Erolcha
 14085 | D:11     | Found a blossoming altar of Fedhas.
 14300 | D:11     | Found a runed translucent gate.
 14300 | D:11     | Found a runed translucent gate.
 14301 | D:11     | Found a runed translucent gate.
 14302 | D:11     | Noticed sirdond's ghost (journeyman DsBe)
 14340 | D:11     | Killed sirdond's ghost
 14423 | D:12     | Found a staircase to the Orcish Mines.
 14874 | D:12     | Noticed a seven-headed hydra
 14882 | D:12     | Killed an 11-headed hydra
 15086 | D:12     | Noticed a centaur warrior
 15093 | D:12     | Killed a centaur warrior
 15183 | D:12     | Noticed Maurice
 15191 | D:12     | Killed Maurice
 15634 | D:13     | Noticed a centaur warrior
 15637 | D:13     | Reached skill level 15 in Fighting
 15643 | D:13     | Reached XP level 13. HP: 118/126 MP: 14/17
 15649 | D:13     | Identified the +0 double sword "Hiba" {speed, rF+ Int+4}
                  | (Okawaru gifted it to you on level 13 of the Dungeon)
 15649 | D:13     | Received a gift from Okawaru
 15673 | D:13     | Reached skill level 10 in Shields
 16097 | D:13     | Found a gate to the Vaults.
 16281 | D:13     | Found a shimmering blue altar of Sif Muna.
 16540 | Lair:1   | Entered Level 1 of the Lair of Beasts
 16543 | Lair:1   | Noticed Gastronok
 16582 | Lair:1   | Killed Gastronok
 17012 | Lair:1   | Identified the +5 great sword "Alixtaz" {spect, rF+ rCorr}
                  | (Okawaru gifted it to you on level 1 of the Lair of Beasts)
 17012 | Lair:1   | Received a gift from Okawaru
 17499 | Lair:1   | Identified the +2 leather armour "Wust" {rC+++ Str+7 Int-3
                  | Stlth-}
 18098 | Lair:2   | Found a frozen archway.
 18114 | IceCv    | Entered an ice cave
 18201 | IceCv    | Reached skill level 10 in Armour
 18479 | IceCv    | Noticed a reaper
 18495 | IceCv    | Killed a reaper
 18781 | Lair:2   | Found a staircase to the Snake Pit.
 18867 | Lair:2   | Received a gift from Okawaru
 18933 | Lair:2   | Found a large runed translucent door.
 18934 | Lair:2   | Found a large runed translucent door.
 18936 | Lair:2   | Noticed soberaf's ghost (journeyman OpVM)
 18978 | Lair:2   | Found a staircase to the Swamp.
 18993 | Lair:2   | Reached XP level 14. HP: 120/135 MP: 16/18
 19308 | Lair:2   | Killed soberaf's ghost
 21158 | Lair:4   | Found a runed translucent door.
 21403 | Lair:4   | Found a viscous altar of Jiyva.
 21405 | Lair:4   | Found a staircase to the Slime Pits.
 21442 | Lair:5   | Entered Level 5 of the Lair of Beasts
 21774 | Lair:4   | Reached skill level 16 in Fighting
 21774 | Lair:4   | Reached skill level 15 in Shields
 21934 | Lair:5   | Received a gift from Okawaru
 22286 | Lair:5   | Found a runed translucent door.
 22286 | Lair:5   | Noticed Nopnof's ghost (journeyman OpTm)
 22772 | Lair:5   | Received a gift from Okawaru
 22773 | Lair:5   | Reached XP level 15. HP: 140/145 MP: 21/21
 22816 | Lair:5   | Found the +15 Maxwell's patent armour {-Cast -Tele rElec
                  | Will+ rCorr}
 23102 | Lair:5   | Killed Nopnof's ghost
 23105 | Lair:5   | Identified a scroll of acquirement
 23107 | Lair:5   | Acquired 1179 gold pieces
 23286 | Orc:1    | Entered Level 1 of the Orcish Mines
 23679 | Orc:1    | Found an ornate altar of the Wu Jian Council.
 23679 | Orc:1    | Found a transporter.
 23730 | Orc:1    | Found a transporter.
 23738 | Orc:1    | Found a transporter.
 23815 | Orc:1    | Found a transporter.
 23822 | Orc:1    | Noticed an orc warlord
 24004 | Orc:1    | Found an ornate altar of the Wu Jian Council.
 24180 | Orc:1    | Reached skill level 17 in Fighting
 24404 | Orc:1    | Killed an orc warlord
 24453 | Orc:2    | Entered Level 2 of the Orcish Mines
 24453 | Orc:2    | Found a staircase to the Elven Halls.
 24852 | Orc:2    | Found Arim's Antique Armour Boutique.
 24896 | Orc:2    | Found a runed translucent door.
 24897 | Orc:2    | Noticed Megustar's ghost (journeyman DEFE)
 24943 | Orc:2    | Found Sekobruc's Antique Weapon Boutique.
 25442 | Orc:2    | Found Giybuaffo's Jewellery Emporium.
 25459 | Orc:2    | Noticed an orc warlord
 25466 | Orc:2    | Noticed an orc warlord
 25508 | Orc:1    | Killed an orc warlord
 25711 | Orc:2    | Killed an orc warlord
 26075 | Orc:2    | Found Qyxo's General Store.
 26290 | Orc:2    | Killed Megustar's ghost
 26291 | Orc:2    | Reached skill level 10 in Invocations
 26542 | Snake:1  | Entered Level 1 of the Snake Pit
 26635 | Snake:1  | Reached skill level 15 in Armour
 26638 | Snake:1  | Received a gift from Okawaru
 26785 | Snake:1  | Reached skill level 18 in Fighting
 28336 | Snake:2  | Reached XP level 16. HP: 140/159 MP: 22/22
 28766 | Snake:2  | Found Wahucw's Book Emporium.
 28766 | Snake:2  | Found Neimarr's Jewellery Boutique.
 28767 | Snake:2  | Found Ocimoip's Jewellery Boutique.
 28773 | Snake:2  | Bought the ring of Ceisar {rF+ Will+ Slay+2} for 616 gold
                  | pieces
 28818 | Snake:2  | Identified the +7 falchion "Ziun" {vorpal, Will- Str+4
                  | Int+8} (Okawaru gifted it to you on level 2 of the Snake
                  | Pit)
 28818 | Snake:2  | Received a gift from Okawaru
 29663 | Snake:3  | Found a large runed translucent door.
 29706 | Snake:3  | Found a large runed translucent door.
 29721 | Snake:3  | Mangled by a naga

Illustrated notes

Levels and vault maps discovered:
D:1:      lightli_arrival_chessboard, layout_loops_corners, minmay_lizard_pond
D:2:      layout_basic, shapermc_ecumenical_altar_mp_vishouse
D:3:      minmay_bubble_buster, layout_basic
D:4:      layout_cave_pools, minmay_temple_entry_drinking_statues
D:5:      layout_loops_ring, ebering_ghost_sewer_f
D:6:      layout_loops_ring
D:7:      cheibrodos_fertilizer, layout_cave_pools, serial_gnoll_camp,
          gnoll_camp_medium_01, gnoll_camp_huts_basic, gnoll_camp_mini_basic,
          gnoll_camp_mini_basic, grums_kennel, enter_bailey_3, uniq_joseph
D:8:      argonaut_augean_stables, layout_cave_pods, uniq_psyche
D:9:      layout_irregular_city, nicolae_qazlal_scattered_showers,
          dpeg_oklobed_lair, serial_shops, shop, serial_column_ruins,
          column_ruins_grid_3, column_ruins_grid_1, column_ruins_open_tiny,
          column_ruins_grid_3, column_ruins_grid_1, minmay_starry_boxes
D:10:     layout_basic
D:11:     layout_cave_pools, gammafunk_ghost_spectres,
          fedhas_bush_and_centaur_altar, uniq_erolcha, uniq_snorg,
          uniq_josephine
D:12:     layout_loops_ring, zombieorc2_lemuel, uniq_maurice
D:13:     layout_roguey, hangedman_vaults_entry_quadrant_bands,
          nicolae_sif_muna_little_library
Temple:   mainiacjoe_temple_archimedes_tessellation
Lair:1:   layout_cave_pods, grunt_forest_large_clearings, lemuel_fruit_fields,
          grunt_megastairs_2, lemuel_fruit_tree, uniq_gastronok
Lair:2:   layout_misc_corridors, swamp_mist, minmay_snake_entry_guardpost_small,
          ebering_ghost_disaster_area, portal_ice_cave_demonic_guard,
          minivault_11
Lair:3:   layout_cave_pods, grunt_megastairs_4
Lair:4:   layout_gridlike, slime_entry_2, lemuel_fruit_fields
Lair:5:   evilmike_catoblepas_cave, layout_gridlike,
          hellmonk_ghost_happy_afterlife
Snake:1:  layout_grid_maze
Snake:2:  layout_layer_cave, minmay_shop_grove
Snake:3:  layout_misc_corridors, ebering_ghost_disaster_area, minmay_shoptagon
Orc:1:    dreamdust_wu_jian_sword_trials, layout_diamond_mine, library_closet,
          hangedman_minor_magic
Orc:2:    grunt_orc_gardens, layout_caves, grunt_orc_garden, grunt_orc_garden,
          grunt_orc_garden, grunt_orc_garden, gammafunk_ghost_grave,
          nicolae_orc_damp_corner, mines3_lemuel

Skill      XL: |  1  2  3  4  5  6  7  8  9 10 11 12 13 14 15 16 |
---------------+-------------------------------------------------+-----
Shields        | 4 5 9 13 15 16 | 16.1
Fighting       | 4 5 6 7 10 11 14 15 16 18 | 18.6
Armour         | 4 5 8 10 12 15 | 15.4
Long Blades    | 3 4 5 6 9 11 13 15 16 17 | 17.4
Dodging        | 1 |  1.0
Invocations    | 3 5 6 7 9 10 | 10.7
Throwing       | |  0.1

Action                   |  1- 3 |  4- 6 |  7- 9 | 10-12 | 13-15 | 16-18 || total
-------------------------+-------+-------+-------+-------+-------+-------++-------
Melee: Long sword        |    97 |   172 |   403 |       |       |       ||   672
       Headbutt          |    13 |    29 |    78 |   165 |   311 |    34 ||   630
       Scimitar          |       |       |    21 |   689 |  1173 |   118 ||  2001
Throw: Throwing net      |       |     1 |       |       |       |       ||     1
Invok: Heroism           |       |       |     4 |    29 |    23 |     4 ||    60
       Finesse           |       |       |       |     3 |     3 |       ||     6
Evoke: Wand              |       |       |       |       |     1 |       ||     1
  Use: Potion            |     1 |     6 |     1 |     2 |       |       ||    10
       Scroll            |       |     9 |     3 |    17 |     8 |       ||    37
 Stab: Invisible         |       |     1 |       |       |       |       ||     1
Armor: Scale mail        |    53 |   102 |   175 |    63 |       |       ||   393
       Chain mail        |       |       |       |   109 |       |       ||   109
       Plate armour      |       |       |       |   127 |   614 |    58 ||   799
Dodge: Dodged            |    44 |    77 |   144 |   201 |   245 |    15 ||   726
Block: Buckler           |    23 |    39 |   213 |   320 |       |       ||   595
       Reflection        |       |       |    14 |    19 |    54 |    19 ||   106
       Kite shield       |       |       |       |   136 |  1220 |   153 ||  1509

Table legend: (Time is in decaauts)
 A = Elapsed time spent in this place.
 B = Non-inter-level travel time spent in this place.
 C = Inter-level travel time spent in this place.
 D = Time resting spent in this place.
 E = Time spent auto-exploring this place.
 F = Levels seen in this place.
 G = Mean time per level.
                   A        B        C        D        E       F      G
               +--------+--------+--------+--------+--------+-----+--------+
         Total |  29313 |  28092 |   1221 |   2509 |  20447 |  25 | 1172.5 |
       Dungeon |  16403 |  15668 |    735 |   1068 |  11716 |  13 | 1261.8 |
        Temple |    244 |    215 |     29 |      0 |    192 |   1 |  244.0 |
          Lair |   5982 |   5725 |    257 |    282 |   4479 |   5 | 1196.4 |
     Snake Pit |   3113 |   3026 |     87 |    137 |   2449 |   3 | 1037.7 |
  Orcish Mines |   2990 |   2878 |    112 |    863 |   1468 |   2 | 1495.0 |
      Ice Cave |    578 |    578 |      0 |    159 |    143 |   1 |  578.0 |
               +--------+--------+--------+--------+--------+-----+--------+

Top non-repeatable levels by time:
     D:9: 1962 daAuts
   Orc:1: 1819 daAuts
    D:10: 1768 daAuts
 Snake:2: 1642 daAuts
     D:7: 1553 daAuts
  Lair:1: 1518 daAuts
     D:3: 1491 daAuts
  Lair:5: 1321 daAuts
  Lair:4: 1312 daAuts
 Snake:1: 1308 daAuts
     D:8: 1293 daAuts
     D:2: 1224 daAuts
     D:1: 1174 daAuts
   Orc:2: 1171 daAuts
     D:6: 1128 daAuts
